 Dungeon Crawl Stone Soup version 0.31.0-11-ge490571c62 (webtiles) character file.

Game seed: 479495057031380720

46 protoss039 the Digger (level 3, -4/27 HPs)
             Began as a Demonspawn Earth Elementalist on Jan 28, 2024.
             Killed by nerve-wracking pain
             ... invoked by an orc priest
              (13 damage)
             ... on level 3 of the Dungeon.
             The game lasted 00:03:40 (1887 turns).

protoss039 the Digger (DsEE)                        Turns: 1887, Time: 00:03:40

Health: -4/27      AC:  8    Str:  8    XL:     3   Next: 46%
Magic:  4/6        EV: 10    Int: 17    God:
Gold:   142        SH:  0    Dex: 13    Spells: 3/7 levels left

rFire   + . .        o - +0 falchion
rCold   . . .        (no shield)
rNeg    . . .        r - +0 ring mail {rF+}
rPois   .            (no helmet)
rElec   .            k - +0 cloak
rCorr   .            (no gloves)
SInv    .            (no boots)
Will    +....        p - amulet of regeneration
Stlth   +            g - ring of willpower
HPRegen 1.04/turn    (no ring)
MPRegen 0.10/turn

%: no passive effects
@: no status effects
A: slimy green scales 1
a: no special abilities


You were on level 3 of the Dungeon.
You visited 1 branch of the dungeon, and saw 3 of its levels.

You collected 142 gold pieces.

Inventory:

Hand Weapons
 o - a +0 falchion (weapon)
Armour
 k - a +0 cloak (worn)
 r - a +0 ring mail of fire resistance (worn)
Jewellery
 g - a ring of willpower (left hand)
 p - an amulet of regeneration (around neck)
Scrolls
 c - a scroll of immolation {unknown}
 h - 2 scrolls of identify {unknown}
 j - a scroll of blinking {unknown}
 m - a scroll of enchant armour {unknown}
 n - 3 scrolls of teleportation {unknown}
Potions
 b - a potion of magic
 d - a potion of brilliance {unknown}
 e - a potion of enlightenment {unknown}
 f - 2 potions of curing {unknown}
 i - 2 potions of mutation {unknown}
 l - a potion of haste {unknown}
 q - a potion of degeneration {unknown}


   Skills:
 + Level 1.7 Fighting
 - Level 1.7 Dodging
 - Level 1.7 Stealth
 + Level 2.6 Spellcasting
 - Level 1.0 Conjurations
 + Level 3.2 Earth Magic


You had 3 spell levels left.
You knew the following spells:

 Your Spells              Type           Power      Damage    Failure   Level
a - Sandblast             Erth           26%        2d8       16%         1
b - Passwall              Erth           13%        N/A       41%         3

Your spell library contained the following spells:

 Spells                   Type           Power      Damage    Failure   Level
 Freeze                   Ice            8%         1d3       50%         1
 Stone Arrow              Conj/Erth      18%        3d8       56%         3
 Hailstorm                Conj/Ice       3%         3d5       80%         3
 Call Canine Familiar     Summ           2%         N/A       86%         3
 Frozen Ramparts          Ice            4%         1d1       86%         3
 Sigil of Binding         Hex            2%         N/A       86%         3
 Brom's Barrelling Bould  Conj/Erth      9%         2d3       93%         4
 Petrify                  Alch/Erth      7%         N/A       96%         4
 Dimensional Bullseye     Hex/Tloc       1%         N/A       99%         4


Dungeon Overview and Level Annotations

Branches:
Dungeon (3/15)

Altars:

Shops:
D:1 *   D:2 (

Annotations:
D:3 1 transporter, lDtest's ghost, amateur FeEE


Innate Abilities, Weirdness & Mutations

You are partially covered in slimy green scales. (AC +2)


Message History

The orc barely misses you.
There are monsters nearby!
You barely miss the orc priest.
The orc priest hits you with a +0 hand axe.
The orc hits you with a +0 morningstar.
There are monsters nearby!
You hit the orc priest but do no damage.
The orc priest invokes the aid of Beogh against you.
Beogh smites you! The orc closely misses you. The orc barely misses you.
You hit the orc priest but do no damage.
The orc priest hits you but does no damage.
The orc misses you. The orc hits you with a +0 morningstar.
The orc hits you but does no damage. The orc priest barely misses you.
The orc barely misses you.
There are monsters nearby!
You are too injured to fight recklessly!
Unknown command.
Casting: Sandblast (safe; 16% risk of failure)
Confirm with . or Enter, or press ? or * to list all spells.
Aiming: Sandblast (safe; 16% risk of failure)
Press: ? - help, Shift-Dir - straight line, f - orc priest
Aim: an orc priest, wielding a +0 hand axe (82% to hit)
The blast of sand hits the orc priest.
The orc priest is moderately wounded.
The orc priest hits you with a +0 hand axe.
The orc hits you but does no damage. The orc hits you with a +0 morningstar.
* * * LOW HITPOINT WARNING * * *
Unknown command.
Casting: Sandblast (safe; 16% risk of failure)
Confirm with . or Enter, or press ? or * to list all spells.
Aiming: Sandblast (safe; 16% risk of failure)
Press: ? - help, Shift-Dir - straight line, f/p - orc priest
Aim: an orc priest, wielding a +0 hand axe (moderately wounded, 82% to hit)
The blast of sand hits the orc priest!
The orc priest is almost dead.
The orc priest hits you but does no damage.
The orc closely misses you. x2
The orc priest invokes the aid of Beogh against you.
Pain shoots through your body!
You die...

#.. #.. #.. #.. # ##..
....o ##.#.#o####
......o@..# .
##....o...# .
...#.####.### # .
..........# ### #
#.#######.########.### #
.....................###
#.######......###.##..#.
#......#...###...
#####......#...# #...


You could see an orc priest and 3 orcs.

Vanquished Creatures
  2 dart slugs
  2 ribbon worms (D:2)
  2 ball pythons
  5 bats
  An endoplasm (D:1)
  4 giant cockroaches
  3 goblins
  5 hobgoblins
  4 kobolds
  A quokka (D:1)
  2 frilled lizards (D:1)
  5 rats
36 creatures vanquished.

Notes
Turn   | Place    | Note
-------+----------+-------------------------------------------
     0 | D:1      | protoss039 the Demonspawn Earth Elementalist began the
                  | quest for the Orb.
     0 | D:1      | Reached XP level 1. HP: 13/13 MP: 3/3
   346 | D:1      | Gained mutation: You are partially covered in slimy green
                  | scales. (AC +2) [demonic ancestry]
   346 | D:1      | Reached XP level 2. HP: 20/20 MP: 3/5
   433 | D:1      | Found Hoegragg's Assorted Antiques.
   435 | D:1      | Reached skill level 1 in Fighting
   558 | D:1      | Reached skill level 3 in Earth Magic
  1225 | D:2      | Found Dooci's Weapon Emporium.
  1236 | D:2      | Reached XP level 3. HP: 24/26 MP: 1/6
  1619 | D:2      | Learned a level 3 spell: Passwall
  1667 | D:3      | Found a transporter.
  1693 | D:3      | Noticed lDtest's ghost (amateur FeEE)
  1887 | D:3      | Killed from afar by an orc priest

Illustrated notes

Levels and vault maps discovered:
D:1:      roderic_dead_forest, layout_loops_corners, serial_shops,
          nicolae_shop_crystal, grunt_decor_cap
D:2:      layout_rooms, serial_shops, nicolae_shop_bloodbath_and_beyond
D:3:      layout_basic, kennysheep_orc_sif_temple, gammafunk_ghost_mausoleum,
          uniq_sigmund, uniq_crazy_yiuf_cottage, uniq_jessica

Skill      XL: |  1  2 |
---------------+-------+-----
Fighting       | 1 |  1.7
Earth Magic    | 3 |  3.2
Dodging        | |  1.7
Stealth        | |  1.7
Spellcasting   | |  2.6
Conjurations   | |  1.0

Action                     || total
---------------------------++-------
  Melee: Club              ||    19
         Falchion          ||    38
   Cast: Sandblast         ||    43
   Stab: Sleeping          ||     1
 Armour: Robe              ||    47
         Ring mail         ||    15
  Dodge: Dodged            ||    50
